| TOP OF THE 1ST |
|
Colorado Rockies batting - Pitching for San Francisco Giants : RHP Curt Howland
|
|
Pitching: RHP Curt Howland
|
|
|
Batting: SHB Eddie Quinones
|
0-0: Called Strike 0-1: Swinging Strike 0-2: Strikes out swinging
|
|
Batting: RHB Henry Alvizo
|
0-0: Ball 1-0: Ball 2-0: Called Strike 2-1: Foul Ball, location: 2F 2-2: Ground out 6-3 (Groundball, 6, EV 94.4 MPH)
|
|
Batting: RHB Joel Haycock
|
0-0: Ball 1-0: Swinging Strike 1-1: Foul Ball, location: 2F 1-2: Strikes out swinging
|
| Top of the 1st over - 0 runs, 0 hits, 0 errors, 0 left on base; Colorado 0 - San Francisco 0 |
| BOTTOM OF THE 1ST |
|
San Francisco Giants batting - Pitching for Colorado Rockies : RHP Colin Lancey Jr.
|
|
Pitching: RHP Colin Lancey Jr.
|
|
|
Batting: RHB Nick Rigden
|
0-0: Ball 1-0: Foul Ball, location: 2F 1-1: Ball 2-1: Swinging Strike 2-2: Ground out 5-3 (Groundball, 56, EV 87.5 MPH)
|
|
Batting: RHB Lucan Esini
|
0-0: Called Strike 0-1: Fly out, F9 (Flyball, 9, EV 85.0 MPH)
|
|
Batting: RHB Sean Zielinski
|
0-0: Ball 1-0: Called Strike 1-1: Ball 2-1: Ground out 5-3 (Groundball, 56S, EV 83.1 MPH)
|
| Bottom of the 1st over - 0 runs, 0 hits, 0 errors, 0 left on base; Colorado 0 - San Francisco 0 |
| TOP OF THE 2ND |
|
Colorado Rockies batting - Pitching for San Francisco Giants : RHP Curt Howland
|
|
Batting: LHB Shawn Morrison
|
0-0: Ball 1-0: Ball 2-0: Ball 3-0: Called Strike 3-1: Base on Balls
|
|
Batting: RHB Jason Andrews
|
0-0: Foul Ball, location: 2F 0-1: Ball 1-1: Ball 2-1: Ball 3-1: Swinging Strike 3-2: Strikes out swinging
|
|
Batting: LHB Freddy Troncoso
|
0-0: Called Strike 0-1: Fly out, F8 (Flyball, 8LD, EV 100.0 MPH)
|
|
Batting: SHB Andy Vivas
|
0-0: Ball 1-0: Fly out, F8 (Flyball, 8RXD, EV 98.1 MPH)
|
| Top of the 2nd over - 0 runs, 0 hits, 0 errors, 1 left on base; Colorado 0 - San Francisco 0 |
| BOTTOM OF THE 2ND |
|
San Francisco Giants batting - Pitching for Colorado Rockies : RHP Colin Lancey Jr.
|
|
Batting: LHB Jack Henningar
|
0-0: SINGLE (Groundball, 34D, EV 105.6 MPH)
|
|
Batting: SHB Ryan Doss
|
0-0: Ball 1-0: Ball 2-0: Ball 3-0: Called Strike 3-1: Fly out, F5 (Popup, 56, EV 74.4 MPH)
|
|
Batting: LHB Tom Best
|
0-0: Ball 1-0: Called Strike 1-1: Foul Ball, location: 2F 1-2: Ball 2-2: Strikes out swinging
|
|
Batting: SHB Bill Dooms
|
0-0: Ball Jack Henningar steals 2nd base 1-0: Called Strike 1-1: Ball 2-1: Ball 3-1: Ground out 6-3 (Groundball, 4MS, EV 67.5 MPH)
|
| Bottom of the 2nd over - 0 runs, 1 hit, 0 errors, 1 left on base; Colorado 0 - San Francisco 0 |
| TOP OF THE 3RD |
|
Colorado Rockies batting - Pitching for San Francisco Giants : RHP Curt Howland
|
|
Batting: SHB Jon Munoz
|
0-0: Called Strike 0-1: Swinging Strike 0-2: Ball 1-2: Ball 2-2: Strikes out looking
|
|
Batting: RHB Bobby Bowman
|
0-0: Called Strike 0-1: Ball 1-1: Foul Ball, location: 2F 1-2: Ground out 1-3 (Groundball, 34S, EV 67.5 MPH)
|
|
Batting: SHB Eddie Quinones
|
0-0: Ball 1-0: Called Strike 1-1: Swinging Strike 1-2: Strikes out looking
|
| Top of the 3rd over - 0 runs, 0 hits, 0 errors, 0 left on base; Colorado 0 - San Francisco 0 |
| BOTTOM OF THE 3RD |
|
San Francisco Giants batting - Pitching for Colorado Rockies : RHP Colin Lancey Jr.
|
|
Batting: LHB John Blair
|
0-0: Called Strike 0-1: Called Strike 0-2: Ball 1-2: Ball 2-2: Strikes out swinging
|
|
Batting: RHB Tyler Mapes
|
0-0: Ball 1-0: Called Strike 1-1: Ground out 4-3 (Groundball, 4, EV 82.5 MPH)
|
|
Batting: RHB Nick Rigden
|
0-0: Ball 1-0: Foul Ball, location: 2F 1-1: Ball 2-1: Fly out, F9 (Flyball, 9D, EV 104.4 MPH)
|
| Bottom of the 3rd over - 0 runs, 0 hits, 0 errors, 0 left on base; Colorado 0 - San Francisco 0 |
| TOP OF THE 4TH |
|
Colorado Rockies batting - Pitching for San Francisco Giants : RHP Curt Howland
|
|
Batting: RHB Henry Alvizo
|
0-0: Swinging Strike 0-1: Ball 1-1: Ball 2-1: Ground out 5-3 (Groundball, 56, EV 105.6 MPH)
|
|
Batting: RHB Joel Haycock
|
0-0: Ball 1-0: Foul Ball, location: 2F 1-1: Ball 2-1: Ground out U3 (Groundball, 34, EV 84.4 MPH)
|
|
Batting: LHB Shawn Morrison
|
0-0: Called Strike 0-1: Swinging Strike 0-2: Ball 1-2: Ball 2-2: Strikes out swinging
|
| Top of the 4th over - 0 runs, 0 hits, 0 errors, 0 left on base; Colorado 0 - San Francisco 0 |
| BOTTOM OF THE 4TH |
|
San Francisco Giants batting - Pitching for Colorado Rockies : RHP Colin Lancey Jr.
|
|
Batting: RHB Lucan Esini
|
0-0: Ball 1-0: Foul Ball, location: 2F 1-1: Foul Ball, location: 2F 1-2: Ball 2-2: Strikes out swinging
|
|
Batting: RHB Sean Zielinski
|
0-0: Ball 1-0: Called Strike 1-1: Foul Ball, location: 2F 1-2: Strikes out swinging
|
|
Batting: LHB Jack Henningar
|
0-0: Ball 1-0: Fly out, F7 (Flyball, 78M, EV 91.9 MPH)
|
| Bottom of the 4th over - 0 runs, 0 hits, 0 errors, 0 left on base; Colorado 0 - San Francisco 0 |
| TOP OF THE 5TH |
|
Colorado Rockies batting - Pitching for San Francisco Giants : RHP Curt Howland
|
|
Batting: RHB Jason Andrews
|
0-0: Ball 1-0: Ball 2-0: Ground out 6-3 (Groundball, 6, EV 111.2 MPH)
|
|
Batting: LHB Freddy Troncoso
|
0-0: Swinging Strike 0-1: Ball 1-1: Ball 2-1: Foul Ball, location: 2F 2-2: Strikes out swinging
|
|
Batting: SHB Andy Vivas
|
0-0: Called Strike 0-1: Ball 1-1: Foul Ball, location: 2F 1-2: Foul Ball, location: 2F 1-2: Ball 2-2: Strikes out swinging
|
| Top of the 5th over - 0 runs, 0 hits, 0 errors, 0 left on base; Colorado 0 - San Francisco 0 |
| BOTTOM OF THE 5TH |
|
San Francisco Giants batting - Pitching for Colorado Rockies : RHP Colin Lancey Jr.
|
|
Batting: SHB Ryan Doss
|
0-0: Foul Ball, location: 2F 0-1: Ball 1-1: Swinging Strike 1-2: Fly out, F9 (Flyball, 89S, EV 76.9 MPH)
|
|
Batting: LHB Tom Best
|
0-0: Foul Ball, location: 2F 0-1: Called Strike 0-2: Strikes out swinging
|
|
Batting: SHB Bill Dooms
|
0-0: Called Strike 0-1: Ball 1-1: SINGLE (Flyball, 78S, EV 96.9 MPH)
|
|
Batting: LHB John Blair
|
0-0: Hit by Pitch Bill Dooms to second
|
|
Batting: RHB Tyler Mapes
|
0-0: Foul Ball, location: 2F 0-1: Foul Ball, location: 2F 0-2: Ball 1-2: Ball 2-2: Ball 3-2: Foul Ball, location: 2F 3-2: Strikes out swinging
|
| Bottom of the 5th over - 0 runs, 1 hit, 0 errors, 2 left on base; Colorado 0 - San Francisco 0 |
| TOP OF THE 6TH |
|
Colorado Rockies batting - Pitching for San Francisco Giants : RHP Curt Howland
|
|
Batting: SHB Jon Munoz
|
0-0: Foul Ball, location: 2F 0-1: Called Strike 0-2: Ball 1-2: Strikes out looking
|
|
Batting: RHB Bobby Bowman
|
0-0: Ball 1-0: Ball 2-0: Ball 3-0: Called Strike 3-1: Base on Balls
|
|
Batting: SHB Eddie Quinones
|
0-0: Foul Ball, location: 2F 0-1: Foul Ball, location: 2F 0-2: Strikes out swinging
|
|
Batting: RHB Henry Alvizo
|
0-0: Called Strike 0-1: Called Strike 0-2: Foul Ball, location: 2F 0-2: Strikes out swinging
|
| Top of the 6th over - 0 runs, 0 hits, 0 errors, 1 left on base; Colorado 0 - San Francisco 0 |
| BOTTOM OF THE 6TH |
|
San Francisco Giants batting - Pitching for Colorado Rockies : RHP Colin Lancey Jr.
|
|
Batting: RHB Nick Rigden
|
0-0: Swinging Strike 0-1: Ball 1-1: Ball 2-1: Called Strike 2-2: SINGLE (Line Drive, 6D, EV 95.6 MPH)
|
|
Batting: RHB Lucan Esini
|
0-0: Called Strike 0-1: Ball 1-1: Swinging Strike 1-2: SINGLE (Groundball, 6MD, EV 100.0 MPH) Nick Rigden to second Runner from 2nd tries for 3rd, SAFE, no throw by CF
|
|
Batting: RHB Sean Zielinski
|
0-0: Ball 1-0: Ball 2-0: SINGLE (Line Drive, 8RS, EV 95.0 MPH) Nick Rigden scores Lucan Esini to second
|
|
Batting: LHB Jack Henningar
|
0-0: Called Strike 0-1: Fly out, F7 (Flyball, 7D, EV 100.6 MPH)
|
|
Batting: SHB Ryan Doss
|
0-0: Ball 1-0: Ball 2-0: Called Strike 2-1: Foul Ball, location: 2F 2-2: Foul Ball, location: 2F 2-2: Fly out, F7 (Flyball, 78M, EV 91.9 MPH) Runner from 2nd tags up, OUT at 3rd! 7-5
|
| Bottom of the 6th over - 1 run, 3 hits, 0 errors, 1 left on base; Colorado 0 - San Francisco 1 |
| TOP OF THE 7TH |
|
Colorado Rockies batting - Pitching for San Francisco Giants : RHP Curt Howland
|
|
Batting: RHB Joel Haycock
|
0-0: Swinging Strike 0-1: Foul Ball, location: 2F 0-2: Foul Ball, location: 2F 0-2: Strikes out swinging
|
|
Batting: LHB Shawn Morrison
|
0-0: Foul Ball, location: 2F 0-1: Ball 1-1: Swinging Strike 1-2: Foul Ball, location: 2F 1-2: DOUBLE (Line Drive, 9LS, EV 95.6 MPH)
|
|
Batting: RHB Jason Andrews
|
0-0: Ball 1-0: Ball 2-0: Ball Shawn Morrison is caught stealing 3rd base 2-5 3-0: Called Strike 3-1: DOUBLE (Line Drive, 78XD, EV 112.5 MPH)
|
|
Batting: LHB Freddy Troncoso
|
0-0: Swinging Strike 0-1: Ball 1-1: Ball 2-1: Ball 3-1: Called Strike 3-2: Foul Ball, location: 2F 3-2: Foul Ball, location: 2F 3-2: Base on Balls
|
|
Batting: SHB Andy Vivas
|
0-0: Foul Ball, location: 2F 0-1: Foul Ball, location: 2F 0-2: Ball 1-2: Ball 2-2: Foul Ball, location: 2F 2-2: Strikes out swinging
|
| Top of the 7th over - 0 runs, 2 hits, 0 errors, 2 left on base; Colorado 0 - San Francisco 1 |
| BOTTOM OF THE 7TH |
|
San Francisco Giants batting - Pitching for Colorado Rockies : RHP Colin Lancey Jr.
|
|
Batting: LHB Tom Best
|
0-0: Ball 1-0: Ball 2-0: Ball 3-0: Called Strike 3-1: Base on Balls
|
|
Batting: SHB Bill Dooms
|
0-0: Foul Ball, location: 2F 0-1: Called Strike 0-2: Ball 1-2: Foul Ball, location: 2F 1-2: Foul Ball, location: 2F 1-2: Ball 2-2: Strikes out swinging
|
|
Batting: LHB John Blair
|
0-0: Ball Tom Best is caught stealing 2nd base 2-6 1-0: Foul Ball, location: 2F 1-1: Foul Ball, location: 2F 1-2: Strikes out swinging
|
| Bottom of the 7th over - 0 runs, 0 hits, 0 errors, 0 left on base; Colorado 0 - San Francisco 1 |
| TOP OF THE 8TH |
|
Colorado Rockies batting - Pitching for San Francisco Giants : RHP Curt Howland
|
|
Pitching: LHP Caleb Mullinax
|
|
|
Batting: SHB Jon Munoz
|
0-0: Called Strike 0-1: Ball 1-1: Foul Ball, location: 2F 1-2: Foul Ball, location: 2F 1-2: Foul Ball, location: 2F 1-2: Ball 2-2: Strikes out swinging
|
|
Batting: RHB Bobby Bowman
|
0-0: Foul Ball, location: 2F 0-1: Ball 1-1: SINGLE (Groundball, 6S, EV 68.1 MPH) (infield hit)
|
|
Batting: SHB Eddie Quinones
|
0-0: Called Strike 0-1: Foul Ball, location: 2F 0-2: Foul Ball, location: 2F 0-2: Ball 1-2: Foul Ball, location: 2F 1-2: SINGLE (Line Drive, 89M, EV 89.4 MPH) Bobby Bowman to second
|
|
Batting: RHB Henry Alvizo
|
0-0: Called Strike 0-1: Called Strike 0-2: Strikes out looking
|
|
Batting: RHB Joel Haycock
|
0-0: Called Strike 0-1: Foul Ball, location: 2F 0-2: Ball 1-2: Strikes out swinging
|
| Top of the 8th over - 0 runs, 2 hits, 0 errors, 2 left on base; Colorado 0 - San Francisco 1 |
| BOTTOM OF THE 8TH |
|
San Francisco Giants batting - Pitching for Colorado Rockies : RHP Colin Lancey Jr.
|
|
Batting: RHB Tyler Mapes
|
0-0: Ball 1-0: Ball 2-0: Foul Ball, location: 2F 2-1: Called Strike 2-2: Foul Ball, location: 2F 2-2: SINGLE (Groundball, 56, EV 101.9 MPH) (infield hit)
|
|
Batting: RHB Nick Rigden
|
0-0: Ball 1-0: Ball 2-0: Sac Bunt to 23 - play at first, batter OUT! 3-4 Tyler Mapes to second
|
|
Batting: RHB Lucan Esini
|
0-0: Ball 1-0: Foul Ball, location: 2F 1-1: Foul Ball, location: 2F 1-2: Strikes out looking
|
|
Batting: RHB Sean Zielinski
|
0-0: SINGLE (Line Drive, 6M, EV 101.2 MPH) Tyler Mapes to third
|
|
Batting: LHB Jack Henningar
|
0-0: SINGLE (Groundball, 34S, EV 63.8 MPH) (infield hit) Tyler Mapes scores Sean Zielinski to second
|
|
Batting: SHB Ryan Doss
|
0-0: Called Strike 0-1: Called Strike 0-2: SINGLE (Flyball, 3D, EV 97.5 MPH) Sean Zielinski to third Jack Henningar to second Runner from 3rd tries for Home, SAFE, throw by RF to home
|
|
Pitching: RHP Nate Dallman
|
|
|
Batting: LHB Tom Best
|
0-0: Foul Ball, location: 2F 0-1: Ball 1-1: Called Strike 1-2: DOUBLE (Line Drive, 78M, EV 105.6 MPH) Jack Henningar scores Ryan Doss to third Runner from 3rd tries for Home, SAFE, throw by CF to home
|
|
Batting: SHB Bill Dooms
|
0-0: Called Strike 0-1: Ground out 4-3 (Groundball, 34, EV 86.9 MPH)
|
| Bottom of the 8th over - 4 runs, 5 hits, 0 errors, 1 left on base; Colorado 0 - San Francisco 5 |
| TOP OF THE 9TH |
|
Colorado Rockies batting - Pitching for San Francisco Giants : LHP Caleb Mullinax
|
|
Batting: LHB Shawn Morrison
|
0-0: Ball 1-0: Swinging Strike 1-1: Foul Ball, location: 2F 1-2: Strikes out swinging
|
|
Batting: RHB Jason Andrews
|
0-0: Ball 1-0: Ball 2-0: Foul Ball, location: 2F 2-1: Ball 3-1: SINGLE (Flyball, 9LM, EV 93.8 MPH)
|
|
Pitching: LHP Tyler Stancil
|
|
|
Batting: LHB Freddy Troncoso
|
0-0: Ball 1-0: Fielders Choice at 2nd, 5-4 (Groundball, 5, EV 86.2 MPH)
|
|
Batting: SHB Andy Vivas
|
0-0: Called Strike 0-1: Foul Ball, location: 2F 0-2: Fly out, F1 (Popup, P, EV 75.0 MPH)
|
| Top of the 9th over - 0 runs, 1 hit, 0 errors, 1 left on base; Colorado 0 - San Francisco 5 |
|